 Dungeon Crawl Stone Soup version 0.16-a0-1970-g0967df0 (webtiles) character file.

266 ztt the Skirmisher (level 6, -7/33 HPs)
             Began as a Vine Stalker Berserker on Nov 7, 2014.
             Was a Believer of Trog.
             Mangled by a wight
             ... wielding a +2 great sword of freezing
              (17 damage)
             ... on level 7 of the Dungeon.
             The game lasted 00:03:53 (755 turns).

ztt the Skirmisher (Vine Stalker Berserker)          Turns: 755, Time: 00:03:54

Health: -7/33      AC:  2    Str: 21    XL:     6   Next: 20%
Magic:  0/8        EV: 12    Int:  7    God:    Trog [**....]
Gold:   27         SH:  0    Dex: 14    Spells: 0 memorised, 5 levels left

rFire  . . .     SeeInvis .     a - +0 hand axe
rCold  . . .     Clarity  .     b - +0 animal skin
rNeg   . . .     SustAb   .     (no shield)
rPois  .         Gourm    .     (no helmet)
rElec  .         Spirit   +     (no cloak)
rCorr  .         Warding  .     (no gloves)
rMut   .         Stasis   .     (no boots)
MR     .....                    (no amulet)
Stlth  ++........               (no ring)
                                (no ring)

@: drained, not resistant to hostile enchantments, unstealthy
A: fangs 2, regeneration 2, magic shield, antimagic bite, no device heal 3, rot
immunity
a: Burn Spellbooks, Berserk, Trog's Hand, Renounce Religion


You were on level 7 of the Dungeon.
You worshipped Trog.
Trog was pleased with you.
You were not hungry.

You visited 1 branch of the dungeon, and saw 7 of its levels.

You collected 27 gold pieces.

Inventory:

Hand weapons
 a - a +0 hand axe (weapon)
Armour
 b - a +0 animal skin (worn)
Jewellery
 g - a cursed ring of teleportation {unknown}
Scrolls
 d - 2 scrolls of identify {unknown}
 e - a scroll of magic mapping {unknown}
 f - a scroll of enchant weapon {unknown}
Potions
 h - a potion of restore abilities {unknown}
Comestibles
 c - a bread ration
 i - 5 fruits


   Skills:
 + Level 3.9(3.6) Fighting
 + Level 3.6(3.2) Axes
 + Level 2.1(1.8) Armour
 + Level 2.5(2.2) Dodging
 * Level 3.6(3.2) Stealth


You had 5 spell levels left.
You didn't know any spells.

Dungeon Overview and Level Annotations

Branches:
Dungeon (7/15)
 Temple: D:4-7

Altars:
Elyvilon
Gozag
Nemelex Xobeh

Shops:
D:7 [


Innate Abilities, Weirdness & Mutations

You have extremely sharp teeth.
You heal very quickly.
When hurt, damage is shared between your health and your magic reserves.
Your bite disrupts and absorbs the magic of your enemies.
Potions and wands cannot restore your health.
You are immune to rotting.


Message History

Found a stone staircase leading up.
The wight hits you from afar with a glowing spear.
The wight barely misses you.
You completely miss the wight. You bite the wight, but do no damage.
The wight closely misses you. The wight barely misses you.
You hit the wight but do no damage. Your bite misses the wight.
The wight hits you from afar with a glowing spear.
The wight closely misses you.
You closely miss the wight.
The wight hits you from afar with a glowing spear.
The wight hits you with a runed great sword!
You feel drained. The wight freezes you.
You barely miss the wight.
The wight hits you from afar with a glowing spear.
You completely miss the wight. The wight barely misses you.
The wight hits you from afar with a glowing spear.
You barely miss the wight. The wight hits you but does no damage.
The wight hits you with a great sword of freezing!!
Ouch! That really hurt!
You die...

..≈.≈....##.#.####.........
#≈≈.≈≈#.....#.# ########.
#≈≈∩≈≈##.#..#.#
#≈≈≈≈≈###...#.# ##≈≈≈##
##....# ###.## ##...###
####### #
##.###.#..#####........ ##
##.#.##...)....####### .#
##.###.####.@........ .#
#.##... #z######### .#
#.##.#. ..z# .# #.##.
.##### .#####.### ##
.......# .#####.# .# #.#
.## #.#


You could see 2 wights.

Vanquished Creatures
  A giant frog (D:7)
  A scorpion (D:4)
  A wight (D:7)
  A crimson imp (D:7)
  A hound (D:6)
  3 giant mites
  A giant gecko (D:3)
  An ooze (D:4)
  5 orcs
  A giant cockroach (D:6)
  3 goblins
  A hobgoblin (D:5)
  3 bats
  A hobgoblin skeleton (D:4)
  A hobgoblin zombie (D:7)
  2 rats
27 creatures vanquished.

Notes
Turn   | Place    | Note
--------------------------------------------------------------
     0 | D:1      | ztt, the Vine Stalker Berserker, began the quest for the Orb.
     0 | D:1      | Reached XP level 1. HP: 11/11 MP: 1/1
   123 | D:3      | Reached XP level 2. HP: 13/16 MP: 3/3
   123 | D:3      | Reached skill level 3 in Fighting
   147 | D:4      | Reached skill level 1 in Stealth
   152 | D:4      | Noticed a scorpion
   163 | D:4      | Killed a scorpion
   163 | D:4      | Reached XP level 3. HP: 20/20 MP: 4/4
   163 | D:4      | Reached XP level 4. HP: 24/24 MP: 5/5
   193 | D:5      | Entered Level 5 of the Dungeon
   360 | D:5      | Noticed a phantom
   418 | D:5      | Noticed an ogre
   518 | D:6      | Acquired Trog's second power
   563 | D:6      | Reached XP level 5. HP: 23/28 MP: 7/7
   617 | D:7      | Found Toiddoy's Armour Shoppe.
   644 | D:7      | Gained mutation: You heal very quickly. [vine stalker growth]
   644 | D:7      | Reached XP level 6. HP: 18/33 MP: 6/8
   681 | D:7      | Found a white marble altar of Elyvilon.
   715 | D:7      | Found an opulent altar of Gozag.
   716 | D:7      | Found a sparkling altar of Nemelex Xobeh.
   716 | D:7      | Noticed a phantom
   755 | D:7      | Mangled by a wight

Action                   |  1- 3 |  4- 6 || total
-------------------------+-------+-------++-------
Melee: Hand axe          |    19 |    79 ||    98
Invok: Berserk           |     2 |     2 ||     4
       Burn Spellbooks   |       |     1 ||     1
 Stab: Sleeping          |       |     2 ||     2
       Distracted        |       |     1 ||     1
  Eat: Bread ration      |       |     1 ||     1
